 Dungeon Crawl Stone Soup version 0.21.1-1-g345015fe64 (webtiles) character file.

1416 Peloso the Slasher (level 8, -5/70 HPs)
             Began as a Minotaur Fighter on July 14, 2018.
             Slain by a steam dragon (6 damage)
             ... on level 7 of the Dungeon.
             The game lasted 00:16:53 (5836 turns).

Peloso the Slasher (Minotaur Fighter)               Turns: 5836, Time: 00:16:53

Health: -5/70      AC: 10    Str: 21    XL:     8   Next: 43%
Magic:  7/7        EV:  9    Int:  5    God:
Gold:   62         SH: 11    Dex: 12    Spells: 7/7 levels left

rFire    . . .     SeeInvis .   a - +0 long sword
rCold    + . .     Gourm    .   c - +1 shield
rNeg     . . .     Faith    .   b - +0 scale mail
rPois    .         Spirit   .   (helmet restricted)
rElec    .         Reflect  .   z - +1 cloak
rCorr    .         Harm     .   (no gloves)
MR       .....                  (no boots)
Stlth    ..........             (no amulet)
HPRegen  0.21/turn              y - ring of wizardry
MPRegen  0.10/turn              B - ring of protection from cold

@: no status effects
A: retaliatory headbutt, horns 2
a: no special abilities


You were on level 7 of the Dungeon.
You were not hungry.

You visited 2 branches of the dungeon, and saw 8 of its levels.
You also visited: Sewer.

You collected 249 gold pieces.
You spent 187 gold pieces at shops.

Inventory:

Hand Weapons
 a - a +0 long sword (weapon)
Missiles
 q - 34 bolts
Armour
 b - a +0 scale mail (worn)
 c - a +1 shield (worn)
 z - a +1 cloak (worn)
Jewellery
 y - a ring of wizardry (left hand)
 B - a ring of protection from cold (right hand)
Wands
 d - a wand of scattershot (8)
 w - a wand of enslavement (17)
 A - a wand of random effects (9)
Scrolls
 i - 2 scrolls of remove curse
 o - 5 scrolls of identify
 s - 3 scrolls of noise
 u - a scroll of enchant weapon {unknown}
 v - 2 scrolls of immolation {unknown}
 x - 3 scrolls of amnesia
 E - a scroll of fog {unknown}
Potions
 e - 3 potions of mutation
 g - 3 potions of haste {unknown}
 h - 2 potions of degeneration {unknown}
 j - 3 potions of curing
 k - 3 potions of flight {unknown}
 l - a potion of berserk rage {unknown}
 m - a potion of magic {unknown}
 n - 2 potions of resistance {unknown}
 p - 2 potions of lignification {unknown}
 r - 2 potions of heal wounds {unknown}
 t - a potion of agility {unknown}
Books
 D - a book of Air

   Spells                             Type                      Level
   a - Shock                          Conjuration/Air              1
   b - Swiftness                      Charms/Air                   2
   c - Static Discharge               Conjuration/Air              3
   d - Airstrike                      Air                          4
   e - Lightning Bolt                 Conjuration/Air              5
Comestibles
 f - 8 rations
 C - a chunk of flesh


   Skills:
 + Level 6.2 Fighting
 + Level 7.5 Long Blades
 + Level 7.2 Armour
 + Level 3.1 Dodging
 + Level 0.4 Stealth
 + Level 6.1 Shields


You had 7 spell levels left.
You didn't know any spells.

Dungeon Overview and Level Annotations

Branches:
Dungeon (7/15)             Temple (1/1) D:4

Altars:
Ashenzari
Cheibriados
Dithmenos
Elyvilon
Fedhas
Gozag
Hepliaklqana
Kikubaaqudgha
Makhleb
Nemelex Xobeh
Qazlal
Ru
Trog
Uskayaw
Vehumet
Wu Jian
Xom
Yredelemnul
Zin
The Shining One

Shops:
D:5 [


Innate Abilities, Weirdness & Mutations

You reflexively headbutt those who attack you in melee.
You have a pair of horns on your head.


Message History

The steam dragon bites you but does no damage.
The steam dragon closely misses you.
You slash the steam dragon!
The steam dragon is moderately wounded.
The steam dragon breathes steam at you. The ball of steam misses you.
Unknown command.
You slash the steam dragon! Your headbutt misses the steam dragon.
The steam dragon is severely wounded.
You are engulfed in a cloud of scalding steam.
* * * LOW HITPOINT WARNING * * *
You block the steam dragon's attack.
The steam dragon claws you but does no damage.
An adder comes into view.
You barely miss the steam dragon.
The steam dragon is severely wounded.
You are engulfed in a cloud of scalding steam.
* * * LOW HITPOINT WARNING * * *
The steam dragon bites you.
You die...

######### .........
........ ......
##########..#
#....@.....#
#...D####†.#
#...[####.###
#....§.....<####
#....####.#....####
#....#
#..####..<.####
####S§...##
####..... ..§...
###### .......


You could see a steam dragon and an adder.

Vanquished Creatures
  A troll (D:7)
  A phantom (D:5)
  An ogre (D:4)
  A centaur (D:5)
  A big kobold (Sewer)
  Blork the orc (D:5)
  3 scorpions
  2 howler monkeys (D:7)
  4 crimson imps
  An orc priest (D:4)
  2 hounds (D:4)
  A bullfrog skeleton (D:6)
  An orc wizard (D:4)
  4 worker ants (D:4)
  A hound zombie (D:7)
  2 hound skeletons
  6 adders
  2 oozes
  An adder zombie (D:6)
  A worm (D:2)
  A dart slug (D:1)
  6 leopard geckos
  13 orcs
  9 bats
  4 giant cockroaches
  9 hobgoblins
  5 jackals
  11 kobolds
  6 quokkas
  2 ball pythons
  5 frilled lizards
  4 goblins
  A quokka skeleton (D:4)
  14 rats
127 creatures vanquished.

Notes
Turn   | Place    | Note
-------+----------+-------------------------------------------
     0 | D:1      | Peloso the Minotaur Fighter began the quest for the Orb.
     0 | D:1      | Reached XP level 1. HP: 19/19 MP: 0/0
   288 | D:1      | Reached XP level 2. HP: 27/27 MP: 1/1
   878 | D:2      | Reached XP level 3. HP: 20/33 MP: 2/2
  1200 | D:2      | Found a basalt altar of Yredelemnul.
  1210 | D:2      | Found a burning altar of Makhleb.
  1525 | D:2      | Reached XP level 4. HP: 38/41 MP: 3/3
  1743 | D:3      | Found a bloodstained altar of Trog.
  1989 | D:3      | Found a glowing drain.
  2019 | Sewer    | Entered a sewer
  2080 | Sewer    | Noticed a big kobold
  2109 | Sewer    | Killed a big kobold
  2109 | Sewer    | Reached skill level 1 in Dodging
  2109 | Sewer    | Reached XP level 5. HP: 15/47 MP: 4/4
  2335 | Sewer    | Found a glowing silver altar of Zin.
  2477 | D:3      | Reached skill level 5 in Armour
  2838 | D:4      | Noticed an ogre
  2848 | D:4      | Killed an ogre
  2848 | D:4      | Reached skill level 5 in Shields
  2848 | D:4      | Reached XP level 6. HP: 12/53 MP: 5/5
  3288 | D:4      | Found a staircase to the Ecumenical Temple.
  3703 | D:4      | Reached skill level 5 in Fighting
  3797 | Temple   | Entered the Ecumenical Temple
  4261 | D:4      | Reached skill level 5 in Long Blades
  4273 | D:4      | Found a snail-covered altar of Cheibriados.
  4476 | D:4      | Reached XP level 7. HP: 53/61 MP: 6/6
  4478 | D:4      | Found a hazy altar of Hepliaklqana.
  4608 | D:5      | Entered Level 5 of the Dungeon
  4764 | D:5      | Found Ufe Vischid's Antique Armour Emporium.
  4795 | D:5      | Bought a glowing cloak for 187 gold pieces
  5141 | D:5      | Noticed Blork the orc
  5148 | D:5      | Killed Blork the orc
  5471 | D:6      | Reached XP level 8. HP: 70/70 MP: 7/7
  5808 | D:7      | Noticed a troll
  5820 | D:7      | Killed a troll
  5825 | D:7      | HP: 2/70 [something/ball of steam (12)]
  5836 | D:7      | HP: 1/70 [steam dragon] (6)]
  5836 | D:7      | Slain by a steam dragon

Skill      XL: |  1  2  3  4  5  6  7  8 |
---------------+-------------------------+-----
Fighting       | 4 5 6 |  6.2
Armour         | 4 5 6 7 |  7.2
Shields        | 4 5 6 |  6.1
Long Blades    | 3 4 5 6 7 |  7.5
Dodging        | 1 2 3 |  3.1
Stealth        | |  0.4

Action                   |  1- 3 |  4- 6 |  7- 9 || total
-------------------------+-------+-------+-------++-------
Melee: Long sword        |   104 |   186 |   111 ||   401
       Headbutt          |    17 |    29 |    19 ||    65
  Use: Scroll            |       |     6 |     1 ||     7
       Potion            |       |     3 |     2 ||     5
  Eat: Chunk             |     2 |     9 |     5 ||    16
Armor: Scale mail        |    50 |    85 |    41 ||   176
Dodge: Dodged            |    34 |    57 |    31 ||   122
Block: Shield            |    57 |   106 |    63 ||   226
       Rpst.: Long sword |     7 |    14 |     8 ||    29
